 Dungeon Crawl Stone Soup version 0.29.1-12-g30fa7ad0bf (webtiles) character file.

Game seed: 11216123919235238950

113 DildoBatman the Conjurer (level 5, -2/38 HPs)
             Began as a Formicid Conjurer on Dec 13, 2022.
             Was an Initiate of Kikubaaqudgha.
             Slain by an iguana (6 damage)
             ... on level 4 of the Dungeon.
             The game lasted 00:05:05 (2703 turns).

DildoBatman the Conjurer (Formicid Conjurer)        Turns: 2703, Time: 00:05:06

Health: -2/38      AC:  2    Str: 11    XL:     5   Next: 17%
Magic:  0/9        EV: 16    Int: 20    God:    Kikubaaqudgha [......]
Gold:   117        SH:  0    Dex: 12    Spells: 7/10 levels left

rFire   . . .      SeeInvis +   f - +0 short sword
rCold   . . .      Faith    .   (no shield)
rNeg    . . .      Spirit   .   a - +0 robe
rPois   .          Reflect  .   (helmet unavailable)
rElec   .          Harm     .   (no cloak)
rCorr   .          Rampage  .   (no gloves)
Will    .....                   (no boots)
Stlth   ++........              (no amulet)
HPRegen 0.12/turn               q - +4 ring of evasion
MPRegen 0.11/turn               (no ring)

@: no status effects
A: permanent stasis, dig shafts and tunnels, antennae 3, four strong arms
a: Dig, Shaft Self, Renounce Religion


You were on level 4 of the Dungeon.
You worshipped Kikubaaqudgha.
Kikubaaqudgha was noncommittal.
You visited 1 branch of the dungeon, and saw 4 of its levels.

You collected 117 gold pieces.

Inventory:

Hand Weapons
 e - a +0 whip
 f - a +0 short sword (weapon)
Missiles
 c - 23 stones
 j - 6 poisoned darts
Armour
 a - a +0 robe (worn)
Magical Staves
 w - a staff of earth
Jewellery
 q - a +4 ring of evasion (left hand)
Scrolls
 h - a scroll of teleportation {unknown}
 i - a scroll of noise {unknown}
 l - 3 scrolls of poison {unknown}
 n - 3 scrolls of identify {unknown}
 p - a scroll of fear {unknown}
 t - a scroll of magic mapping {unknown}
 v - a scroll of enchant armour {unknown}
Potions
 b - a potion of magic
 d - a potion of cancellation {unknown}
 g - 2 potions of resistance {unknown}
 k - a potion of lignification {unknown}
 m - a potion of curing {unknown}
 o - a potion of heal wounds {unknown}
 r - a potion of degeneration {unknown}
 s - a potion of invisibility {unknown}
 u - a potion of haste {unknown}


   Skills:
 * Level 2.2 Fighting
 * Level 2.1 Armour
 - Level 2.0 Dodging
 - Level 2.4 Stealth
 * Level 3.0 Spellcasting
 * Level 4.1 Conjurations


You had 7 spell levels left.
You knew the following spells:

 Your Spells              Type           Power      Damage    Failure   Level
a - Searing Ray           Conj           38%        2d5       3%          2
c - Magic Dart            Conj           76%        1d6       2%          1

Your spell library contained the following spells:

 Spells                   Type           Power      Damage    Failure   Level
 Dazzling Flash           Conj/Hex       22%        N/A       19%         3
 Call Canine Familiar     Summ           3%         N/A       38%         3
 Gell's Gravitas          Tloc           3%         N/A       38%         3
 Portal Projectile        Hex/Tloc       6%         N/A       38%         3
 Teleport Other           Tloc           3%         N/A       38%         3
 Fulminant Prism          Conj/Hex       5%         3d7       52%         4
 Iskenderun's Mystic Bla  Conj/Tloc      11%        2d4       52%         4
 Leda's Liquefaction      Hex/Erth       1%         N/A       80%         4
 Dispersal                Tloc           1%         N/A       100%        6


Dungeon Overview and Level Annotations

Branches:
Dungeon (4/15)
 Temple: D:4-7

Altars:
Kikubaaqudgha

Portals:
Abyss: D:3

Annotations:
D:3 2 transporters, laros's ghost, amateur MiBe


Innate Abilities, Weirdness & Mutations

You cannot be hasted, slowed, berserked, paralysed or teleported.
You can dig through walls and to a lower floor.
You have a pair of large antennae on your head. (SInv)
Your four strong arms can wield two-handed weapons with a shield.


Message History

The magic dart hits the iguana but does no damage.
The iguana is almost dead.
The iguana barely misses you.
Casting: Magic Dart (safe; 2% risk of failure)
Confirm with . or Enter, or press ? or * to list all spells.
Aiming: Magic Dart (safe; 2% risk of failure)
Press: ? - help, Shift-Dir - straight line, f/p - iguana
Aim: an iguana (almost dead, 100% to hit)
The magic dart hits the iguana but does no damage.
The iguana is almost dead.
The iguana bites you!
Casting: Magic Dart (safe; 2% risk of failure)
Confirm with . or Enter, or press ? or * to list all spells.
Aiming: Magic Dart (safe; 2% risk of failure)
Press: ? - help, Shift-Dir - straight line, f/p - iguana
Aim: an iguana (almost dead, 100% to hit)
The magic dart hits the iguana.
The iguana is almost dead.
The iguana misses you.
You barely miss the iguana.
The iguana is almost dead.
The iguana closely misses you.
You hit the iguana but do no damage.
The iguana is almost dead.
The iguana closely misses you.
You barely miss the iguana.
The iguana is almost dead.
The iguana misses you.
Casting: Magic Dart (safe; 2% risk of failure)
Confirm with . or Enter, or press ? or * to list all spells.
Aiming: Magic Dart (safe; 2% risk of failure)
Press: ? - help, Shift-Dir - straight line, f/p - iguana
Aim: an iguana (almost dead, 100% to hit)
The magic dart hits the iguana but does no damage.
The iguana is almost dead.
The iguana bites you! The iguana attacks as you move away!
The iguana bites you.
You die...
Kikubaaqudgha rasps: "You have failed me!
Welcome... death!"

{ #......#
###.#### #..#
#.## #.# #.#
.## #.#
.....######.#
#...l@...#
#..####..# #.
#..... #
...##.# ##.#.
.. ..#.. #.
#.#.#. #.#
#.#.#.# ##.##


You could see an iguana.

Vanquished Creatures
  4 adders
  3 dart slugs
  4 orcs
  3 bats
  7 endoplasms (D:1)
  4 giant cockroaches (D:1)
  3 goblins
  7 hobgoblins
  3 jackals (D:1)
  A quokka (D:1)
  7 ball pythons
  8 frilled lizards
  6 kobolds
  7 rats
67 creatures vanquished.

Notes
Turn   | Place    | Note
-------+----------+-------------------------------------------
     0 | D:1      | DildoBatman the Formicid Conjurer began the quest for the
                  | Orb.
     0 | D:1      | Reached XP level 1. HP: 13/13 MP: 3/3
   262 | D:1      | Reached XP level 2. HP: 20/20 MP: 3/5
   265 | D:1      | Learned a level 2 spell: Searing Ray
   461 | D:1      | Reached skill level 1 in Fighting
   515 | D:1      | Reached skill level 1 in Armour
   517 | D:1      | Reached XP level 3. HP: 26/26 MP: 0/6
   939 | D:1      | Found a faded altar of an unknown god.
   965 | D:1      | You fall into a shaft and drop 1 floor!
  1160 | D:2      | Reached XP level 4. HP: 28/32 MP: 2/8
  1424 | D:2      | Reached skill level 4 in Conjurations
  2052 | D:3      | Found a transporter.
  2052 | D:3      | Found a transporter.
  2056 | D:3      | Noticed a small abomination
  2072 | D:3      | Noticed a small abomination
  2191 | D:3      | Found a one-way gate to the infinite horrors of the Abyss.
  2191 | D:3      | Noticed laros's ghost (amateur MiBe)
  2217 | D:3      | Noticed a kobold brigand
  2336 | D:3      | Found an ancient bone altar of Kikubaaqudgha.
  2346 | D:3      | Became a worshipper of Kikubaaqudgha
  2528 | D:3      | Reached XP level 5. HP: 38/38 MP: 4/9
  2599 | D:4      | Noticed a phantom
  2703 | D:4      | Slain by an iguana

Illustrated notes

Levels and vault maps discovered:
D:1:      elethiomel_arrival_quiet, layout_loops_ring,
          hellmonk_ecumenical_altar_slurped_away, serial_bayou_pond_e,
          minmay_heptomino_l4
D:2:      layout_basic
D:3:      layout_basic, mainiacjoe_overflow_tiny_flanked,
          gammafunk_ghost_abyssal_escape
D:4:      minmay_diamond_boxcup, layout_loops_cross

Skill      XL: |  1  2  3  4 |
---------------+-------------+-----
Dodging        | 2 |  2.0
Fighting       | 1 2 |  2.2
Armour         | 1 2 |  2.1
Conjurations   | 4 |  4.1
Spellcasting   | 3 |  3.0
Stealth        | |  2.4

Action                   |  1- 3 |  4- 6 || total
-------------------------+-------+-------++-------
Melee: Unarmed           |    12 |       ||    12
       Short sword       |    25 |    20 ||    45
 Cast: Magic Dart        |    61 |    31 ||    92
       Searing Ray       |     4 |     7 ||    11
 Stab: Sleeping          |     1 |     1 ||     2
Armor: Robe              |     9 |     3 ||    12
Dodge: Dodged            |    29 |    36 ||    65
